 Dungeon Crawl Stone Soup version 0.27-a0-1065-ge809cff456 (webtiles) character file.

Game seed: 15002684053975352778

84 Hodglim the Skirmisher (level 4, -3/41 HPs)
             Began as a Hill Orc Fighter on Apr 22, 2021.
             Killed from afar by Natasha (6 damage)
             ... with a magic dart
             ... on level 2 of the Dungeon.
             The game lasted 00:06:43 (1933 turns).

Hodglim the Skirmisher (Hill Orc Fighter)           Turns: 1933, Time: 00:06:44

Health: -3/41      AC:  8    Str: 19    XL:     4   Next: 46%
Magic:  4/4        EV:  7    Int:  8    God:
Gold:   58         SH:  9    Dex: 10    Spells: 3/3 levels left

rFire    . . .     SeeInvis .   a - +0 war axe
rCold    . . .     Faith    .   c - +0 kite shield
rNeg     . . .     Spirit   .   b - +0 scale mail
rPois    .         Reflect  .   e - +0 helmet
rElec    .         Harm     .   (no cloak)
rCorr    .         Rampage  .   (no gloves)
Will     .....                  (no boots)
Stlth    ..........             (no amulet)
HPRegen  0.13/turn              (no ring)
MPRegen  0.09/turn              (no ring)

@: no status effects
A: no striking features
a: no special abilities


You were on level 2 of the Dungeon.
You visited 1 branch of the dungeon, and saw 2 of its levels.

You collected 58 gold pieces.

Inventory:

Hand Weapons
 a - a +0 war axe (weapon)
 j - a +2 mace of holy wrath
Missiles
 i - 49 stones (quivered)
 k - 32 sling bullets
Armour
 b - a +0 scale mail (worn)
 c - a +0 kite shield (worn)
 e - a +0 helmet (worn)
Jewellery
 l - a ring of poison resistance
 m - a ring of willpower
 p - a +4 ring of protection
Scrolls
 f - a scroll of magic mapping {unknown}
 g - a scroll of vulnerability {unknown}
 o - a scroll of fear {unknown}
 q - a scroll of immolation {unknown}
Potions
 d - a potion of might
 h - 2 potions of degeneration {unknown}
 n - 2 potions of haste {unknown}


   Skills:
 + Level 4.3 Fighting
 + Level 3.7 Axes
 + Level 4.0 Armour
 + Level 4.0 Shields


You had 3 spell levels left.
You didn't know any spells.
Your spell library was empty.

Dungeon Overview and Level Annotations

Branches:
Dungeon (2/15)

Altars:

Annotations:
D:2 Natasha


Message History

You block the crimson imp's attack. You block Natasha's attack.
The crimson imp closely misses you.
You closely miss Natasha. You hit the crimson imp.
Natasha claws you but does no damage.
The crimson imp hits you but does no damage.
Natasha stares at you and mumbles some strange words.
The magic dart hits you.
Your shield prevents you from hitting Natasha.
You hit the crimson imp.
The crimson imp blinks!
Natasha claws you.
The crimson imp blinks!
You hit Natasha.
Natasha is moderately wounded.
Natasha howls an incantation.
You feel disoriented. Natasha completely misses you.
Natasha mumbles some strange words.
You hit Natasha.
Natasha is heavily wounded.
Natasha barely misses you.
You hit Natasha.
Natasha is heavily wounded.
You block Natasha's attack. You block the crimson imp's attack.
Natasha claws you.
You hit Natasha but do no damage.
Natasha is heavily wounded.
You miss the crimson imp. The crimson imp hits you.
Natasha casts a spell at you. The magic dart hits you!
* * * LOW HITPOINT WARNING * * *
You closely miss Natasha.
Natasha is heavily wounded.
You hit the crimson imp.
The crimson imp disappears in a puff of smoke!
The crimson imp hits you.
* * * LOW HITPOINT WARNING * * *
Natasha closely misses you.
The crimson imp hits you but does no damage.
Natasha stares at you and mumbles some strange words.
The magic dart hits you.
You die...

#.# #.###. #.# #.#
#. #####.#########
#.# #.
#.............# #.#
#.
##.###.#######.####
#.###.
..................#
#.....
.......#######....#
#.###. ###.##.#
###..# #.# #<
#.##.# #@.# #.# #.
#.##.# #h5# #.# #.
#.##.# #ยง.# #.###.
#.##.## #..# #.....
#.##..# #..# #####.
#.###.# #..#### #.
##.###.# #.....# ##
#...##.# #.###.#
######
#......########.#
#.# #.....


You could see Natasha and a crimson imp (summoned).

Vanquished Creatures
  Natasha (twice) (D:2)
  An adder (D:2)
  4 ball pythons
  3 endoplasms (D:1)
  2 giant cockroaches (D:2)
  4 goblins
  A quokka (D:1)
  2 bats (D:1)
  4 kobolds
  4 rats
27 creatures vanquished.

Notes
Turn   | Place    | Note
-------+----------+-------------------------------------------
     0 | D:1      | Hodglim the Hill Orc Fighter began the quest for the Orb.
     0 | D:1      | Reached XP level 1. HP: 19/19 MP: 1/1
   272 | D:1      | Reached XP level 2. HP: 27/27 MP: 2/2
   434 | D:1      | Found a faded altar of an unknown god.
  1301 | D:2      | Reached XP level 3. HP: 33/33 MP: 3/3
  1574 | D:2      | Noticed Natasha
  1580 | D:2      | Killed Natasha
  1581 | D:2      | Reached XP level 4. HP: 40/40 MP: 4/4
  1763 | D:2      | Noticed Natasha
  1768 | D:2      | Killed Natasha
  1918 | D:2      | Noticed Natasha
  1933 | D:2      | Killed from afar by Natasha

Illustrated notes

Levels and vault maps discovered:
D:1:      saegor_arrival_simple_e, layout_loops_ring,
          chequers_ecumenical_altar_simple
D:2:      layout_loops_ring, minmay_heptomino_d4, uniq_natasha

Skill      XL: |  1  2  3  4 |
---------------+-------------+-----
Axes           | 3 |  3.7
Fighting       | 4 |  4.3
Armour         | 4 |  4.0
Shields        | 4 |  4.0

Action                   |  1- 3 |  4- 6 || total
-------------------------+-------+-------++-------
Melee: War axe           |    72 |    14 ||    86
Throw: Stone             |     4 |     2 ||     6
Armor: Scale mail        |    29 |     6 ||    35
Dodge: Dodged            |    16 |     4 ||    20
Block: Kite shield       |    45 |     6 ||    51

Table legend: (Time is in decaauts)
 A = Elapsed time spent in this place.
 B = Non-inter-level travel time spent in this place.
 C = Inter-level travel time spent in this place.
 D = Time resting spent in this place.
 E = Time spent auto-exploring this place.
 F = Levels seen in this place.
 G = Mean time per level.
                   A        B        C        D        E       F      G
               +--------+--------+--------+--------+--------+-----+--------+
         Total |   1988 |   1777 |    211 |    298 |   1094 |   2 |  994.0 |
       Dungeon |   1988 |   1777 |    211 |    298 |   1094 |   2 |  994.0 |
               +--------+--------+--------+--------+--------+-----+--------+

Top non-repeatable levels by time:
     D:2: 998 daAuts
     D:1: 990 daAuts
